 Dungeon Crawl Stone Soup version 0.25-a0-597-gb30770a0c0 (webtiles) character file.

Game seed: 1700142458028582423, levelgen mode: deterministic

10099 Emblim88 the Grappler (level 11, -2/115 HPs)
             Began as a Troll Berserker on Mar 15, 2020.
             Was an Elder of Trog.
             Killed by divine providence
             ... invoked by an orc priest
              (13 damage)
             ... on level 10 of the Dungeon.
             The game lasted 00:17:03 (7646 turns).

Emblim88 the Grappler (Troll Berserker)             Turns: 7646, Time: 00:17:03

Health: -2/115     AC: 10    Str: 29    XL:     11   Next: 31%
Magic:  10/10      EV: 11    Int:  4    God:    Trog [****..]
Gold:   302        SH:  5    Dex: 15    Spells: 10/10 levels left

rFire    . . .     SeeInvis +   F - +0 spear (distort)
rCold    + . .     Gourm    +   (no shield)
rNeg     . . .     Faith    .   f - +2 robe {rC+}
rPois    +         Spirit   .   (helmet restricted)
rElec    .         Reflect  +   E - -2 cloak of Henotheism {*Slow Dex+6 SInv Stlth-}
rCorr    .         Harm     .   (gloves unavailable)
MR       ++...                  (boots unavailable)
Stlth    ..........             w - +5 amulet of reflection
HPRegen  1.69/turn              z - ring of poison resistance
MPRegen  0.12/turn              I - +3 ring of protection

@: berserk cooldown, regenerating (expiring), slowed, very slow
A: large, unfitting armour, claws 3, fast metabolism 3, gourmand, regeneration
1, shaggy fur 1, tough skin 3
a: Berserk, Trog's Hand, Brothers in Arms, Renounce Religion


You were on level 10 of the Dungeon.
You worshipped Trog.
Trog was greatly pleased with you.
You were very full.

You visited 1 branch of the dungeon, and saw 10 of its levels.

You collected 541 gold pieces.
You spent 239 gold pieces at shops.

Inventory:

Hand Weapons
 F - a +0 spear of distortion (weapon)
 J - a +4 quick blade
Missiles
 a - 25 poisoned darts
 d - 19 boomerangs
 k - 88 stones
 x - 4 large rocks (quivered)
 G - 2 throwing nets
Armour
 f - a +2 robe of cold resistance (worn)
 E - the -2 cloak of Henotheism (worn) {*Slow Dex+6 SInv Stlth-}
   (You bought it in a shop on level 7 of the Dungeon)

   It affects your dexterity (+6).
   It lets you see invisible.
   It may slow you when you take damage.
   It makes you less stealthy.
Jewellery
 p - an uncursed amulet of regeneration
 w - a +5 amulet of reflection (around neck)
 z - a ring of poison resistance (left claw)
 I - a +3 ring of protection (right claw)
Wands
 B - a wand of acid (7)
 C - a wand of flame (14)
Scrolls
 h - 4 scrolls of teleportation
 i - a scroll of fog {unknown}
 j - 4 scrolls of remove curse
 n - a scroll of enchant weapon
 q - a scroll of magic mapping
 A - a scroll of amnesia
 H - a scroll of identify
Potions
 c - a potion of lignification {unknown}
 e - a potion of haste
 g - 2 potions of degeneration
 l - 2 potions of stabbing {unknown}
 m - a potion of berserk rage
 o - 2 potions of magic
 r - a potion of flight {unknown}
 s - 2 potions of might
 t - a potion of brilliance
 u - a potion of ambrosia
 v - a potion of curing
 D - a potion of resistance {unknown}
Comestibles
 b - 16 rations


   Skills:
 + Level 9.1 Fighting
 + Level 0.5 Polearms
 + Level 9.5 Throwing
 - Level 2.4 Dodging
 + Level 10.7 Unarmed Combat


You had 10 spell levels left.
You didn't know any spells.
Your spell library was empty.

Dungeon Overview and Level Annotations

Branches:
Dungeon (10/15)            Temple (0/1) D:7            Lair (0/6) D:9
    Orc: D:9-12

Altars:
Dithmenos
Gozag
Hepliaklqana
Okawaru
Sif Muna
Zin
The Shining One

Shops:
D:7 [[?

Annotations:
D:7 1 runed translucent door, Crazy Yiuf


Innate Abilities, Weirdness & Mutations

You are too large for most types of armour.
You have claws for hands.
Your metabolism is lightning-fast.
You like to eat raw meat.
Your natural rate of healing is unusually fast.
You are covered in fur. (AC +1)
You have extremely tough skin. (AC +3)


Message History

Press: ? - help, Dir - move target cursor, f - orc
Aim: an orc, wielding a +0 dagger and wearing a +0 leather armour You barely miss the orc.
You are no longer berserk.
You are exhausted.
You feel yourself slow down.
The orc warrior hits you from afar with a +0 glaive.
* * * LOW HITPOINT WARNING * * *
Attack whom?
Press: ? - help, Dir - move target cursor, f/p - orc
Aim: an orc, wielding a +0 dagger and wearing a +0 leather armour You closely miss the orc.
You feel the effects of Trog's Hand fading.
You block the orc's attack. The orc barely misses you.
The orc warrior hits you from afar with a +0 glaive!!
* * * LOW HITPOINT WARNING * * *
The orc hits you but does no damage.
The orc priest invokes the aid of Beogh against you.
Beogh smites you!
You die...

##(.......#.#........#
.#........#.'........#
.(........###.......>#
##(.......# #........#
##.####### #####'####
#.# #.# #.# ##.# #.#
#..# #.# #@##
###.#########..ooo.....#
...............oo......#
###.##########.o.......#
# #.# #.........# #รท#
8.........# #### #.#
.'...####### ##... #.##
..8.#.# ##.... #..#
##.....


You could see an orc warrior, 2 orc priests and 3 orcs.

Vanquished Creatures
  Harold (D:7)
  Erica (D:8)
  A two-headed ogre (D:8)
  Pikel (D:8)
  A manticore (D:10)
  Grinder (D:6)
  Prince Ribbit (D:7)
  A hippogriff (D:7)
  4 wraiths (D:10)
  3 yaks
  A hungry ghost (D:10)
  Menkaure (D:6)
  A water moccasin (D:10)
  Duvessa (D:6)
  3 porcupines (D:9)
  A slave (D:8)
  A sky beast (D:7)
  8 orc warriors
  An ice beast (D:7)
  A black bear (D:9)
  A phantom (D:10)
  5 centaurs
  5 ogres
  4 bullfrogs
  Dowan (D:6)
  A gnoll sergeant (D:9)
  2 scorpions
  2 howler monkeys (D:7)
  5 wights (D:7)
  5 crimson imps
  A bullfrog skeleton (D:10)
  5 hounds
  A jelly (D:7)
  5 orc wizards
  5 orc priests
  Jessica (D:2)
  2 iguanas
  2 worker ants
  A hound zombie (D:5)
  2 hound skeletons
  A worker ant zombie (D:9)
  17 adders
  11 gnolls
  2 shadow imps
  5 worms
  A dart slug (D:3)
  4 leopard geckos
  39 orcs
  5 giant cockroaches
  6 goblins
  6 hobgoblins
  11 jackals
  6 quokkas
  A ball python (D:2)
  7 bats
  2 frilled lizards
  3 kobolds
  A leopard gecko skeleton (D:5)
  A quokka skeleton (D:5)
  A quokka zombie (D:8)
  3 rats
  A fungus (D:9)
224 creatures vanquished.

Vanquished Creatures (collateral kills)
  Josephine (D:10)
  A centaur skeleton (D:10)
  A yak (D:10)
3 creatures vanquished.

Vanquished Creatures (others)
  2 hippogriffs (D:10)
  A wraith (D:10)
  A hound (D:10)
  An adder zombie (D:8)
  A jackal (D:10)
  4 fungi (D:9)
10 creatures vanquished.

Grand Total: 237 creatures vanquished

Notes
Turn   | Place    | Note
-------+----------+-------------------------------------------
     0 | D:1      | Emblim88 the Troll Berserker began the quest for the Orb.
     0 | D:1      | Reached XP level 1. HP: 22/22 MP: 0/0
   215 | D:1      | Reached XP level 2. HP: 29/29 MP: 1/1
   324 | D:1      | Reached skill level 1 in Throwing
   386 | D:1      | You fall into a shaft and drop 1 floor!
   488 | D:2      | Reached XP level 3. HP: 36/36 MP: 2/2
   564 | D:2      | Reached ** piety under Trog
   726 | D:2      | Found a faded altar of an unknown god.
  1110 | D:2      | Noticed Jessica
  1117 | D:2      | Killed Jessica
  1117 | D:2      | Reached XP level 4. HP: 45/45 MP: 3/3
  1393 | D:3      | Reached skill level 4 in Unarmed Combat
  1479 | D:3      | Reached XP level 5. HP: 53/53 MP: 4/4
  2096 | D:4      | Reached *** piety under Trog
  2175 | D:4      | Found a glowing silver altar of Zin.
  2245 | D:4      | Reached XP level 6. HP: 56/62 MP: 5/5
  2513 | D:5      | Entered Level 5 of the Dungeon
  2638 | D:5      | Reached skill level 5 in Unarmed Combat
  2697 | D:5      | Reached XP level 7. HP: 32/70 MP: 6/6
  2837 | D:5      | Found an opulent altar of Gozag.
  2837 | D:5      | Found a shimmering blue altar of Sif Muna.
  2837 | D:5      | Found a glowing golden altar of the Shining One.
  3164 | D:6      | Reached skill level 5 in Fighting
  3164 | D:6      | Reached skill level 6 in Unarmed Combat
  3289 | D:6      | Reached XP level 8. HP: 70/80 MP: 7/7
  3343 | D:6      | HP: 6/120 [orc warrior/+0 glaive (8)]
  3348 | D:6      | HP: 4/120 [orc warrior/+0 glaive (2)]
  3524 | D:6      | Reached skill level 5 in Throwing
  3542 | D:6      | Noticed Menkaure
  3551 | D:6      | Killed Menkaure
  3551 | D:6      | Reached **** piety under Trog
  3664 | D:6      | Noticed Duvessa
  3664 | D:6      | Noticed Dowan
  3672 | D:6      | Killed Duvessa
  3674 | D:6      | Killed Dowan
  3712 | D:6      | Noticed Grinder
  3716 | D:6      | Killed Grinder
  3716 | D:6      | Reached skill level 7 in Unarmed Combat
  3894 | D:7      | Found Orocam's Armour Boutique.
  3910 | D:7      | Bought the cursed -2 cloak of Henotheism {*Slow Dex+6 SInv
                  | Stlth-} for 99 gold pieces
  3940 | D:7      | Found a staircase to the Ecumenical Temple.
  3982 | D:7      | Noticed a hippogriff
  3987 | D:7      | Noticed Prince Ribbit
  3993 | D:7      | Killed a hippogriff
  3993 | D:7      | Reached XP level 9. HP: 62/89 MP: 8/8
  4001 | D:7      | Killed Prince Ribbit
  4041 | D:7      | Found Ageri's Magic Scroll Emporium.
  4048 | D:7      | Bought a scroll of identify for 28 gold pieces
  4048 | D:7      | Bought a scroll of teleportation for 42 gold pieces
  4048 | D:7      | Bought a scroll of remove curse for 42 gold pieces
  4048 | D:7      | Bought a scroll of identify for 28 gold pieces
  4264 | D:7      | Reached skill level 8 in Unarmed Combat
  4359 | D:7      | Found Wofepuna's Armour Emporium.
  4419 | D:7      | Found a runed translucent door.
  4420 | D:7      | Noticed Crazy Yiuf
  4484 | D:7      | Noticed Harold
  4492 | D:7      | Killed Harold
  4522 | D:7      | Found an iron altar of Okawaru.
  4786 | D:7      | Reached XP level 10. HP: 102/102 MP: 9/9
  4998 | D:8      | Noticed Pikel
  5011 | D:8      | Killed Pikel
  5011 | D:8      | Reached skill level 9 in Unarmed Combat
  5027 | D:8      | Noticed a two-headed ogre
  5031 | D:8      | Killed a two-headed ogre
  5164 | D:8      | Noticed Erica
  5177 | D:8      | Killed Erica
  5728 | D:8      | Found a shadowy altar of Dithmenos.
  5849 | D:8      | Found a hazy altar of Hepliaklqana.
  6085 | D:9      | Found a staircase to the Lair.
  6207 | D:9      | Reached skill level 10 in Unarmed Combat
  6340 | D:9      | HP: 2/106 [orc warrior/+0 trident of venom (21)]
  6344 | D:9      | Reached ***** piety under Trog
  6344 | D:9      | Received a gift from Trog
  7023 | D:10     | Entered Level 10 of the Dungeon
  7039 | D:10     | Noticed Josephine
  7063 | D:10     | Reached XP level 11. HP: 70/113 MP: 10/10
  7080 | D:10     | HP: 1/113 [Josephine/+0 dagger (6)]
  7086 | D:10     | Killed Josephine
  7094 | D:10     | Paralysed by fainting for 10 turns
  7599 | D:10     | Paralysed by a hornet for 1 turns
  7646 | D:10     | Killed from afar by an orc priest

Levels and vault maps discovered:
D:1:      dpeg_arrival_simpleton_b, layout_basic
D:2:      cheibrodos_helix_gallery, layout_basic,
          chequers_ecumenical_altar_simple, kennysheep_jessica_study
D:3:      layout_basic, first_ration, minmay_randomly_rotated_circles
D:4:      layout_rooms, zin_statuary
D:5:      layout_cave_pools, gammafunk_temple_overflow_forgotten,
          guppyfry_early_lair_pool
D:6:      layout_basic, uniq_menkaure, uniq_grinder, uniq_duvessa
D:7:      layout_gridville, kennysheep_mini_moat, minmay_temple_entry_mist,
          serial_shops, kennysheep_little_box,
          nicolae_shop_temple_entry_statues_fountains, shop,
          uniq_crazy_yiuf_cottage, uniq_prince_ribbit1, uniq_harold
D:8:      layout_layer_cave, lemuel_coloured_pillars_altar,
          nicolae_dithmenos_through_a_glass_darkly, uniq_pikel, uniq_erica
D:9:      layout_roguey [special_room_orc], due_lair_maze_entry_diamond
D:10:     layout_roguey, david_orc_5, nrook_uturn, uniq_josephine

Skill      XL: |  1  2  3  4  5  6  7  8  9 10 11 |
---------------+----------------------------------+-----
Throwing       | 1 2 3 4 6 7 9 |  9.5
Fighting       | 3 4 5 6 7 8 9 |  9.1
Unarmed Combat | 4 5 6 7 8 10 | 10.7
Polearms       | |  0.5
Dodging        | |  2.4

Action                   |  1- 3 |  4- 6 |  7- 9 | 10-12 || total
-------------------------+-------+-------+-------+-------++-------
Melee: Unarmed           |    98 |   184 |   154 |   117 ||   553
       Punch             |     2 |     3 |     7 |    21 ||    33
       Quick blade       |       |       |       |    28 ||    28
       Spear             |       |       |       |   140 ||   140
       Hand axe          |       |       |       |     2 ||     2
Throw: Boomerang         |       |       |    46 |    18 ||    64
       Large rock        |       |       |       |     4 ||     4
Invok: Berserk           |       |       |     2 |     3 ||     5
       Trog's Hand       |       |       |       |     2 ||     2
       Brothers in Arms  |       |       |       |     1 ||     1
Evoke: Wand              |       |       |       |     1 ||     1
  Use: Scroll            |       |     7 |     9 |     3 ||    19
       Potion            |       |       |       |     9 ||     9
  Eat: Chunk             |    16 |    14 |    22 |    30 ||    82
       Ration            |       |       |       |     3 ||     3
Armor: Animal skin       |    41 |    35 |       |       ||    76
       Robe              |       |    43 |    39 |    93 ||   175
Dodge: Dodged            |    38 |   121 |    64 |   114 ||   337
Block: Other             |       |       |       |    54 ||    54
       Reflection        |       |       |       |     1 ||     1

Table legend:
 A = Non-vault XP
 B = Vault XP
 C = Vault XP percentage of total XP
 D = Non-vault monster count
 E = Vault monster count
 F = Vault count percentage of total count
                 A         B        C        D         E       F
            +---------+---------+-------+---------+---------+-------
      Total |    7162 |    7266 |  50.4 |     163 |      67 |  29.1
            +---------+---------+-------+---------+---------+-------
        D:1 |      29 |       0 |   0.0 |      17 |       0 |   0.0
        D:2 |      65 |      43 |  39.8 |      17 |       4 |  19.0
        D:3 |      78 |      18 |  18.8 |      17 |       6 |  26.1
        D:4 |     227 |       0 |   0.0 |      13 |       0 |   0.0
        D:5 |     543 |      27 |   4.7 |      22 |       2 |   8.3
        D:6 |     681 |     675 |  49.8 |      14 |       4 |  22.2
        D:7 |    1930 |    1277 |  39.8 |      29 |       2 |   6.5
        D:8 |    1015 |    1585 |  61.0 |       6 |       2 |  25.0
        D:9 |     334 |    1884 |  84.9 |      11 |      36 |  76.6
       D:10 |    2260 |    1757 |  43.7 |      17 |      11 |  39.3
            +---------+---------+-------+---------+---------+-------
